 Dungeon Crawl Stone Soup version 0.20.1-1-g8b1a95d66d (webtiles) character file.

647 Ivernyr the Slinger (level 7, -1/45 HPs)
             Began as a Halfling Hunter on Dec 5, 2017.
             Shot with an arrow by a centaur (7 damage)
             ... on level 4 of the Dungeon.
             The game lasted 00:10:31 (4303 turns).

Ivernyr the Slinger (Halfling Hunter)               Turns: 4303, Time: 00:10:31

Health: -1/45      AC:  6    Str: 13    XL:     7   Next: 82%
Magic:  7/7        EV: 17    Int: 12    God:
Gold:   252        SH:  0    Dex: 17    Spells: 6/6 levels left

rFire    + . .     SeeInvis .   a - +1 hunting sling
rCold    . . .     Gourm    .   (shield restricted)
rNeg     . . .     Faith    .   c - +0 leather armour
rPois    .         Spirit   .   y - +2 helmet
rElec    .         Reflect  .   (no cloak)
rCorr    .         Harm     .   (no gloves)
MR       .....                  (no boots)
Stlth    ++........             (no amulet)
Regen    0.2/turn               h - ring of protection from fire
MPRegen  0.1/turn               z - +3 ring of intelligence

@: no status effects
A: mutation resistance 1
a: no special abilities


You were on level 4 of the Dungeon.
You were not hungry.

You visited 1 branch of the dungeon, and saw 4 of its levels.

You collected 252 gold pieces.

Inventory:

Hand Weapons
 a - a +1 hunting sling (weapon)
 b - a +0 short sword
Missiles
 d - 20 sling bullets
 i - 163 stones (quivered)
Armour
 c - a +0 leather armour (worn)
 y - a +2 helmet (worn)
Jewellery
 h - a ring of protection from fire (left hand)
 z - a +3 ring of intelligence (right hand)
Wands
 p - a wand of random effects (30/48)
Scrolls
 g - 4 scrolls of identify {unknown}
 m - 3 scrolls of amnesia {unknown}
 q - 2 scrolls of teleportation {unknown}
 u - a scroll of remove curse {unknown}
 v - a scroll of magic mapping {unknown}
 w - a scroll of blinking {unknown}
 x - a scroll of immolation {unknown}
Potions
 e - a potion of magic {unknown}
 j - a potion of heal wounds {unknown}
 k - 2 potions of lignification {unknown}
 n - 2 potions of flight {unknown}
 r - 3 potions of haste {unknown}
 s - a potion of mutation {unknown}
 t - 2 potions of berserk rage {unknown}
Comestibles
 f - 3 bread rations
 o - a royal jelly


   Skills:
 - Level 2.0 Fighting
 + Level 4.3 Short Blades
 * Level 9.9 Slings
 + Level 4.8 Dodging
 - Level 1.1 Stealth


You had 6 spell levels left.
You didn't know any spells.

Dungeon Overview and Level Annotations

Branches:
Dungeon (4/15)
 Temple: D:4-7

Altars:


Innate Abilities, Weirdness & Mutations

You are small and have problems with some larger weapons.
You are somewhat resistant to further mutation.


Message History

Firing (i - inventory. (,) - cycle):
i - 166 stones (quivered)
Press: ? - help, Shift-Dir - straight line, f/p - Menkaure
Aim: Menkaure (almost destroyed, fast)
You shoot a stone. The stone hits Menkaure.
You destroy Menkaure!
Your Short Blades skill increases to level 4!
The centaur shoots an arrow.
The arrow hits you.
* * * LOW HITPOINT WARNING * * *
Firing (i - inventory. (,) - cycle):
i - 165 stones (quivered)
Press: ? - help, Shift-Dir - straight line, f - centaur
Aim: a centaur, wielding a shortbow (severely wounded)
You shoot a stone. The stone barely misses the centaur.
The centaur shoots an arrow.
The arrow barely misses you.
Firing (i - inventory. (,) - cycle):
i - 164 stones (quivered)
Press: ? - help, Shift-Dir - straight line, f/p - centaur
Aim: a centaur, wielding a shortbow (severely wounded)
You shoot a stone. The stone hits the centaur.
The centaur is almost dead.
The centaur shoots an arrow.
The arrow hits you!
You die...

#M........# #........ ##..
#.....# ... #...# #..#
#####(# ...# #...c(## #...
#....(.## ..# ####....####.#
######.@.#.....#
####...#....###..####
##..#.#.......###....###.
#....#####...............
##..######...(....#########
####...##..........# ####..#
#.............####.###.....#
#..#..#.......## #.....###.#
#..###.##......###..######.#


You could see a centaur.

Vanquished Creatures
  Menkaure (D:4)
  Edmund (D:4)
  The ghost of Moto the Skirmisher, an amateur OgBe of Trog (D:3)
  A black bear (D:4)
  Blork the orc (D:4)
  An iguana (D:4)
  Robin (D:4)
  6 adders
  An ooze (D:4)
  A worm (D:3)
  8 bats
  3 giant cockroaches
  17 goblins
  4 hobgoblins
  3 jackals (D:3)
  A frilled lizard (D:2)
  5 kobolds
  8 rats
64 creatures vanquished.

Notes
Turn   | Place    | Note
-------+----------+-------------------------------------------
     0 | D:1      | Ivernyr the Halfling Hunter began the quest for the Orb.
     0 | D:1      | Reached XP level 1. HP: 14/14 MP: 1/1
    78 | D:1      | Reached skill level 6 in Slings
   108 | D:1      | Reached XP level 2. HP: 11/19 MP: 2/2
  1108 | D:1      | Reached XP level 3. HP: 24/24 MP: 3/3
  1311 | D:2      | Reached skill level 1 in Short Blades
  1449 | D:2      | Reached XP level 4. HP: 29/29 MP: 4/4
  1558 | D:2      | Reached skill level 7 in Slings
  2261 | D:3      | Noticed Moto's ghost (amateur OgBe)
  2306 | D:3      | Killed Moto's ghost
  2306 | D:3      | Reached skill level 8 in Slings
  2306 | D:3      | Reached XP level 5. HP: 22/34 MP: 5/5
  2596 | D:3      | Reached XP level 6. HP: 39/39 MP: 6/6
  2722 | D:4      | Noticed Blork the orc
  2743 | D:4      | Killed Blork the orc
  3348 | D:4      | Noticed Robin
  3403 | D:4      | Noticed Edmund
  3437 | D:4      | Killed Edmund
  3437 | D:4      | Reached skill level 9 in Slings
  3437 | D:4      | Reached XP level 7. HP: 30/45 MP: 7/7
  3502 | D:4      | Killed Robin
  4289 | D:4      | Noticed Menkaure
  4301 | D:4      | Killed Menkaure
  4303 | D:4      | Shot with an arrow by a centaur

Skill      XL: |  1  2  3  4  5  6  7 |
---------------+----------------------+-----
Slings         | 6 8 9 |  9.9
Fighting       | 2 |  2.0
Short Blades   | 1 2 3 4 |  4.3
Dodging        | 3 4 |  4.8
Stealth        | |  1.1

Action                   |  1- 3 |  4- 6 |  7- 9 || total
-------------------------+-------+-------+-------++-------
Melee: Short sword       |   109 |    55 |       ||   164
 Fire: Hunting sling     |    13 |    89 |    53 ||   155
 Stab: Sleeping          |     4 |     1 |       ||     5
  Eat: Chunk             |     2 |     6 |     2 ||    10
Armor: Leather armour    |    35 |    20 |     7 ||    62
Dodge: Dodged            |    85 |    65 |    19 ||   169
